 Dungeon Sprint DCSS version 0.26-a0-850-g97a50ab700 (webtiles) character file.

Game seed: 15044414754497205486

3792 sahdkjhfkaj the Severer (level 9, -20/138 HPs)
             Began as a Minotaur Berserker on Nov 20, 2020.
             Was a High Priest of Trog.
             Demolished by Donald
             ... wielding a +2 war axe of holy wrath
              (36 damage)
             ... in the Dungeon (Sprint III: "The Ten Rune Challenge").
             The game lasted 00:02:10 (1450 turns).

sahdkjhfkaj the Severer (Minotaur Berserker)        Turns: 1450, Time: 00:02:10

Health: -20/138    AC:  5    Str: 25    XL:     9   Next: 95%
Magic:  8/8        EV: 17    Int:  4    God:    Trog [*****.]
Gold:   15         SH:  0    Dex: 10    Spells: 8/8 levels left

rFire    . . .     SeeInvis .   a - +3 executioner's axe
rCold    . . .     Faith    .   (shield currently unavailable)
rNeg     + . .     Spirit   .   s - +2 robe {rN+}
rPois    .         Reflect  .   (helmet restricted)
rElec    .         Harm     .   (no cloak)
rCorr    .         Rampage  .   (no gloves)
MR       .....     NoTele   +   (no boots)
Stlth    ..........             (no amulet)
HPRegen  0.33/turn              (no ring)
MPRegen  0.11/turn              (no ring)

@: berserking, very quick
A: retaliatory headbutt, horns 2
a: Berserk, Trog's Hand, Brothers in Arms, Renounce Religion


You were in the Dungeon.
You worshipped Trog.
Trog was extremely pleased with you.
You visited 1 branch You collected 15 gold pieces.

Inventory:

Hand Weapons
 a - a +3 executioner's axe (weapon)
Armour
 s - a +2 robe of positive energy (worn)
Wands
 q - a wand of flame (22)
Scrolls
 h - a scroll of blinking {!r}
 i - a scroll of immolation {!r, unknown}
 j - a scroll of amnesia {!r, unknown}
 k - 3 scrolls of remove curse {!r}
 m - a scroll of holy word {!r, unknown}
 n - 2 scrolls of identify {!r}
Potions
 c - a potion of curing {!q}
 d - 3 potions of heal wounds {!q}
 e - 2 potions of haste {!q}
 f - 2 potions of magic {!q}
 g - a potion of berserk rage {!q}
 l - a potion of ambrosia {!q, unknown}
 o - a potion of flight {!q, unknown}
 p - a potion of might {!q}
Miscellaneous
 r - a phantom mirror


   Skills:
 + Level 12.7 Fighting
 * Level 16.8 Axes
 + Level 12.4 Armour
 + Level 11.5 Dodging


You had 8 spell levels left.
You didn't know any spells.
Your spell library was empty.

Dungeon Overview and Level Annotations

Branches:
Dungeon (1/1)

Altars:
Cheibriados
Dithmenos
Elyvilon
Fedhas
Gozag
Hepliaklqana
Kikubaaqudgha
Makhleb
Nemelex Xobeh
Okawaru
Qazlal
Ru
Sif Muna
Trog
Uskayaw
Vehumet
Wu Jian
Xom
Yredelemnul
Zin
The Shining One
Beogh
Jiyva
Lugonu

Annotations:
D Donald, Frances


Innate Abilities, Weirdness & Mutations

You reflexively headbutt those who attack you in melee.
You have a pair of horns on your head.


Message History

Donald hits you with a +2 war axe of holy wrath!!
* * * LOW HITPOINT WARNING * * *
Donald blocks your attack.
Your headbutt misses Donald. Donald closely misses you.
Unknown command.
You slash Donald! Donald blocks your attack.
Donald is lightly wounded.
Donald hits you with a +2 war axe of holy wrath!!
* * * LOW HITPOINT WARNING * * *
Press: ? - help, v - describe, . - travel
Here: Donald, wielding a +2 war axe of holy wrath, wearing a +0 scale mail and wearing a +0 kite shield of reflection (lightly wounded, fast, strong)
The floor, spattered with blood.
You slash Donald!
Donald is moderately wounded.
Donald hits you with a +2 war axe of holy wrath!!
* * * LOW HITPOINT WARNING * * *
You closely miss Donald.
Donald is moderately wounded.
Donald hits you with a +2 war axe of holy wrath!!!
You die...

#####################
.≈≈≈§§#.'...'.#.#.#.+
#[≈≈#§#.#.).##.#.#.##
#§§.#.#.#)).#.#.#.#.#
#.§.#...#...##.#.#.##
▓▓▓▓▓▓▓▓▓▓▓▓#.#.#.#.#
##.#.#.## +.#@#.#.#
##.#@#.## #'##### ...
#@@.# #..4# #####


You could see Donald (fast, strong).

Vanquished Creatures
  A centaur warrior (D)
  Erica (D)
  An unseen horror (D)
  A deep elf mage (D)
  A shadow (D)
  A spatial vortex (D)
  A necrophage (D)
  2 centaurs (D)
  An earth elemental (D)
  A water elemental (D)
  A scorpion (D)
  A jelly (D)
  A wizard (D)
  Jessica (D)
  A necromancer (D)
  3 humans (D)
  A kobold demonologist (D)
  3 rats (D)
23 creatures vanquished.

Vanquished Creatures (collateral kills)
  An unseen horror (D)
1 creature vanquished.

Vanquished Creatures (others)
  2 plants (D)
2 creatures vanquished.

Grand Total: 26 creatures vanquished

Notes
Turn   | Place    | Note
-------+----------+-------------------------------------------
     0 | D        | sahdkjhfkaj the Minotaur Berserker began the quest for the
                  | Orb.
     0 | D        | Reached XP level 1. HP: 19/19 MP: 0/0
    11 | D        | Reached skill level 4 in Axes
    49 | D        | Noticed Jessica
   140 | D        | Killed Jessica
   140 | D        | Reached ** piety under Trog
   141 | D        | Reached skill level 5 in Axes
   141 | D        | Reached XP level 2. HP: 28/28 MP: 1/1
   206 | D        | Reached skill level 5 in Fighting
   206 | D        | Reached skill level 6 in Axes
   206 | D        | Reached XP level 3. HP: 36/36 MP: 2/2
   234 | D        | Noticed a scorpion
   241 | D        | Killed a scorpion
   242 | D        | Reached skill level 7 in Axes
   242 | D        | Reached skill level 5 in Armour
   242 | D        | Reached XP level 4. HP: 44/44 MP: 3/3
   385 | D        | Noticed a water elemental
   391 | D        | Killed a water elemental
   391 | D        | Reached *** piety under Trog
   392 | D        | Reached skill level 8 in Axes
   392 | D        | Reached skill level 5 in Dodging
   392 | D        | Reached XP level 5. HP: 51/51 MP: 4/4
   436 | D        | Found a radiant altar of Vehumet.
   438 | D        | Reached skill level 9 in Axes
   438 | D        | Found a shimmering blue altar of Sif Muna.
   438 | D        | Found an ancient bone altar of Kikubaaqudgha.
   441 | D        | Reached **** piety under Trog
   510 | D        | Found a glowing silver altar of Zin.
   510 | D        | Found a glowing golden altar of the Shining One.
   510 | D        | Found a white marble altar of Elyvilon.
   511 | D        | Noticed a deep elf mage
   515 | D        | Killed a deep elf mage
   516 | D        | Reached skill level 12 in Axes
   516 | D        | Reached XP level 6. HP: 63/63 MP: 5/5
   516 | D        | Reached XP level 7. HP: 70/70 MP: 6/6
   567 | D        | Found a hide-covered altar of Uskayaw.
   567 | D        | Found a roughly hewn altar of Beogh.
   567 | D        | Found an iron altar of Okawaru.
   567 | D        | Found a bloodstained altar of Trog.
   567 | D        | Found an ornate altar of the Wu Jian Council.
   567 | D        | Noticed a human
   567 | D        | Noticed a human
   575 | D        | Killed a human
   578 | D        | Killed a human
   578 | D        | Reached ***** piety under Trog
   579 | D        | Reached skill level 13 in Axes
   625 | D        | Found a basalt altar of Yredelemnul.
   625 | D        | Found a shadowy altar of Dithmenos.
   625 | D        | Found a sacrificial altar of Ru.
   631 | D        | Reached skill level 10 in Fighting
   631 | D        | Reached XP level 8. HP: 79/79 MP: 7/7
   632 | D        | Received a gift from Trog
   687 | D        | Reached skill level 10 in Armour
   736 | D        | Found a blossoming altar of Fedhas.
   736 | D        | Found a stormy altar of Qazlal.
   736 | D        | Found a snail-covered altar of Cheibriados.
   736 | D        | Found a burning altar of Makhleb.
   736 | D        | Found a shimmering altar of Xom.
   737 | D        | Found a hazy altar of Hepliaklqana.
   737 | D        | Found an opulent altar of Gozag.
   737 | D        | Found a sparkling altar of Nemelex Xobeh.
   737 | D        | Found a corrupted altar of Lugonu.
   737 | D        | Found a viscous altar of Jiyva.
   760 | D        | Noticed Erica
   771 | D        | Killed Erica
   772 | D        | Reached skill level 14 in Axes
   772 | D        | Reached skill level 10 in Dodging
   772 | D        | Reached XP level 9. HP: 89/89 MP: 8/8
   996 | D        | Reached skill level 15 in Axes
  1058 | D        | Noticed a centaur warrior
  1066 | D        | Killed a centaur warrior
  1067 | D        | Reached skill level 16 in Axes
  1156 | D        | Killed an unseen horror
  1167 | D        | Killed an unseen horror
  1440 | D        | Noticed Donald
  1440 | D        | Noticed Frances
  1441 | D        | Noticed a red devil
  1450 | D        | Demolished by Donald

Illustrated notes

Levels and vault maps discovered:
D:        dungeon_sprint_mu [sprint_mu_entry_forest, sprint_mu_temple_rooms,
          sprint_mu_d1_horrors, sprint_mu_d2_genie, sprint_mu_d3_branching,
          sprint_mu_orc_legion, sprint_mu_elf_gauntlet, sprint_mu_hive_nellie,
          sprint_mu_lair_fedhas, sprint_mu_vaults_butterflies,
          sprint_mu_slime_circle, sprint_mu_swamp_cave, sprint_mu_snake_twists,
          sprint_mu_blade_basic, sprint_mu_crypt_chambers,
          sprint_mu_tomb_spiral, sprint_mu_vestibule_basic,
          sprint_mu_gehenna_hellfire, sprint_mu_dis_giant,
          sprint_mu_tartarus_statrot, sprint_mu_cocytus_islands, sprint_mu_zot1]

Skill      XL: |  1  2  3  4  5  6  7  8  9 |
---------------+----------------------------+-----
Axes           | 5 6 7 8 12 13 14 16 | 16.8
Fighting       | 4 5 6 9 10 11 12 | 12.7
Armour         | 3 4 5 6 8 9 11 12 | 12.4
Dodging        | 3 4 5 8 10 11 | 11.5

Action                   |  1- 3 |  4- 6 |  7- 9 || total
-------------------------+-------+-------+-------++-------
Melee: Hand axe          |    16 |    10 |    12 ||    38
       Headbutt          |     3 |       |    10 ||    13
       Executioner's axe |       |       |    36 ||    36
Invok: Berserk           |     4 |     3 |     8 ||    15
       Brothers in Arms  |       |       |     1 ||     1
Armor: Robe              |       |       |     3 ||     3
Dodge: Dodged            |     4 |     5 |    25 ||    34

Table legend: (Time is in decaauts)
 A = Elapsed time spent in this place.
 B = Non-inter-level travel time spent in this place.
 C = Inter-level travel time spent in this place.
 D = Time resting spent in this place.
 E = Time spent auto-exploring this place.
 F = Levels seen in this place.
 G = Mean time per level.
                   A        B        C        D        E       F      G
               +--------+--------+--------+--------+--------+-----+--------+
         Total |   1601 |   1601 |      0 |   1294 |     35 |   1 | 1601.0 |
       Dungeon |   1601 |   1601 |      0 |   1294 |     35 |   1 | 1601.0 |
               +--------+--------+--------+--------+--------+-----+--------+

Top non-repeatable levels by time:
       D: 1601 daAuts
